 Dungeon Crawl Stone Soup version 0.26-a0-683-g5206c1d7ac (webtiles) character file.

Game seed: 9946893169711335989

135 robertstho the Firebug (level 5, -2/37 HPs)
             Began as a Gnoll Fire Elementalist on Oct 22, 2020.
             Was an Initiate of Sif Muna.
             Slain by an orc
             ... wielding a +0 flail
              (6 damage)
             ... on level 3 of the Dungeon.
             The game lasted 00:04:03 (3210 turns).

robertstho the Firebug (Gnoll Fire Elementalist)    Turns: 3210, Time: 00:04:03

Health: -2/37      AC:  2    Str: 10    XL:     5   Next: 18%
Magic:  12/12      EV: 15    Int: 19    God:    Sif Muna [......]
Gold:   107        SH:  0    Dex: 15    Spells: 13/14 levels left

rFire    . . .     SeeInvis .   l - +0 short sword (curse)
rCold    . . .     Faith    .   (no shield)
rNeg     . . .     Spirit   .   a - +0 robe
rPois    .         Reflect  .   (no helmet)
rElec    .         Harm     .   (no cloak)
rCorr    .         Rampage  .   (no gloves)
MR       .....                  (no boots)
Stlth    +++.......             (no amulet)
HPRegen  0.12/turn              (no ring)
MPRegen  0.13/turn              (no ring)

@: no status effects
A: distributed training, fangs 1, strong nose
a: Renounce Religion


You were on level 3 of the Dungeon.
You worshipped Sif Muna.
Sif Muna was noncommittal.
You visited 1 branch of the dungeon, and saw 3 of its levels.

You collected 107 gold pieces.

Inventory:

Hand Weapons
 l - a cursed +0 short sword (weapon)
Armour
 a - a +0 robe (worn)
Scrolls
 d - a scroll of immolation {unknown}
 e - a scroll of teleportation
 g - a scroll of random uselessness {unknown}
 h - a scroll of amnesia {unknown}
 i - 2 scrolls of remove curse {unknown}
 j - 2 scrolls of fog {unknown}
Potions
 c - a potion of lignification
 k - a potion of berserk rage


   Skills:
 + Level 1.4 Fighting
 + Level 1.4 Short Blades
 + Level 1.4 Long Blades
 + Level 1.4 Axes
 + Level 1.4 Maces & Flails
 + Level 1.4 Polearms
 + Level 1.4 Staves
 + Level 1.4 Slings
 + Level 1.4 Bows
 + Level 1.4 Crossbows
 + Level 1.4 Throwing
 + Level 1.4 Armour
 + Level 4.7 Dodging
 + Level 4.3 Stealth
 + Level 1.4 Shields
 + Level 1.4 Unarmed Combat
 + Level 5.1 Spellcasting
 + Level 2.3 Conjurations
 + Level 1.1 Hexes
 + Level 1.1 Summonings
 + Level 1.1 Necromancy
 + Level 1.1 Translocations
 + Level 1.1 Transmutations
 + Level 5.5 Fire Magic
 + Level 1.1 Ice Magic
 + Level 1.1 Air Magic
 + Level 1.1 Earth Magic
 + Level 1.1 Poison Magic
 + Level 1.5 Invocations
 + Level 1.4 Evocations


You had 13 spell levels left.
You knew the following spells:

 Your Spells              Type           Power        Failure   Level
a - Foxfire               Conj/Fire      ###.         2%          1

Your spell library contained the following spells:

 Spells                   Type           Power        Failure   Level
 Conjure Flame            Conj/Fire      ###.....     7%          3
 Inner Flame              Hex/Fire       ###.....     10%         3
 Sticky Flame             Conj/Fire      ###.....     24%         4
 Fireball                 Conj/Fire      ###.......   54%         5


Dungeon Overview and Level Annotations

Branches:
Dungeon (3/15)

Altars:
Cheibriados
Kikubaaqudgha
Qazlal
Sif Muna
Trog
Vehumet


Innate Abilities, Weirdness & Mutations

Your experience applies equally to all skills.
You have very sharp teeth.
Your uncanny sense of smell can sniff out nearby items.


Message History

Confirm with . or Enter, or press ? or * to list all spells.
Okay, then.
The foxfire hits the hobgoblin.
You kill the hobgoblin!
Sif Muna accepts your kill.
The foxfire hits the howler monkey skeleton.
The howler monkey skeleton is severely damaged.
The orc hits you with a +0 dagger.
* * * LOW HITPOINT WARNING * * *
Casting: Foxfire (safe; 2% risk of failure)
Confirm with . or Enter, or press ? or * to list all spells.
You conjure some foxfire!
The howler monkey skeleton hits you but does no damage.
The foxfire hits the orc.
You kill the orc!
Sif Muna accepts your kill. The orc hits you with a +0 flail!
* * * LOW HITPOINT WARNING * * *
Magic courses through your body. The orc hits you with a +0 flail.
You die...

#. #.# #. #.#
#.# #.# ###..
..
#o####......
#. #...<...#
###.##..####.#
#..oZo§§#
#..#o#v.# #..
##@).# ...
##.## ### .##
#


You could see an orc priest, 2 orcs and a howler monkey skeleton.

Vanquished Creatures
  7 adders (D:2)
  4 worms (D:2)
  A dart slug (D:1)
  3 leopard geckos (D:1)
  An orc (D:3)
  A ball python (D:1)
  2 giant cockroaches (D:2)
  7 hobgoblins
  3 jackals (D:1)
  3 kobolds
  2 quokkas (D:2)
  7 bats
  4 frilled lizards
  8 goblins
  4 rats
57 creatures vanquished.

Vanquished Creatures (others)
  167 foxfires
167 creatures vanquished.

Grand Total: 224 creatures vanquished

Notes
Turn   | Place    | Note
-------+----------+-------------------------------------------
     0 | D:1      | robertstho the Gnoll Fire Elementalist began the quest for
                  | the Orb.
     0 | D:1      | Reached XP level 1. HP: 13/13 MP: 6/6
   253 | D:1      | Reached XP level 2. HP: 19/19 MP: 3/7
   935 | D:1      | Reached XP level 3. HP: 25/25 MP: 6/9
  1037 | D:1      | Reached skill level 5 in Spellcasting
  1388 | D:2      | Reached skill level 1 in Invocations
  1398 | D:2      | Reached skill level 1 in Fighting
  1398 | D:2      | Reached skill level 1 in Short Blades
  1398 | D:2      | Reached skill level 1 in Long Blades
  1398 | D:2      | Reached skill level 1 in Axes
  1398 | D:2      | Reached skill level 1 in Maces & Flails
  1398 | D:2      | Reached skill level 1 in Polearms
  1398 | D:2      | Reached skill level 1 in Staves
  1398 | D:2      | Reached skill level 1 in Slings
  1398 | D:2      | Reached skill level 1 in Bows
  1398 | D:2      | Reached skill level 1 in Crossbows
  1398 | D:2      | Reached skill level 1 in Throwing
  1398 | D:2      | Reached skill level 1 in Armour
  1398 | D:2      | Reached skill level 1 in Shields
  1398 | D:2      | Reached skill level 1 in Unarmed Combat
  1398 | D:2      | Reached skill level 1 in Evocations
  1631 | D:2      | Found an ancient bone altar of Kikubaaqudgha.
  1729 | D:2      | Reached XP level 4. HP: 27/32 MP: 8/11
  2279 | D:2      | Reached skill level 1 in Hexes
  2279 | D:2      | Reached skill level 1 in Summonings
  2279 | D:2      | Reached skill level 1 in Necromancy
  2279 | D:2      | Reached skill level 1 in Translocations
  2279 | D:2      | Reached skill level 1 in Transmutations
  2279 | D:2      | Reached skill level 1 in Ice Magic
  2279 | D:2      | Reached skill level 1 in Air Magic
  2279 | D:2      | Reached skill level 1 in Earth Magic
  2279 | D:2      | Reached skill level 1 in Poison Magic
  2797 | D:2      | Reached XP level 5. HP: 33/37 MP: 12/12
  2928 | D:2      | Found a shimmering blue altar of Sif Muna.
  2930 | D:2      | Found a snail-covered altar of Cheibriados.
  2930 | D:2      | Found a stormy altar of Qazlal.
  2939 | D:2      | Found a bloodstained altar of Trog.
  2943 | D:2      | Found a radiant altar of Vehumet.
  3171 | D:2      | Became a worshipper of Sif Muna the Loreminder
  3210 | D:3      | Slain by an orc

Illustrated notes

Levels and vault maps discovered:
D:1:      co_arrival_random_square_maze, layout_basic
D:2:      mumra_celtic_spiral_tile, layout_basic,
          minmay_overflow_temple_star_hex, nicolae_overflow_crystal_walls,
          chequers_garden
D:3:      layout_loops_ring, minmay_door_square, minmay_misc_feat_enclosed,
          uniq_terence

Skill      XL: |  1  2  3  4 |
---------------+-------------+-----
Conjurations   | 2 |  2.3
Spellcasting   | 5 |  5.1
Invocations    | 1 |  1.5
Fighting       | 1 |  1.4
Short Blades   | 1 |  1.4
Long Blades    | 1 |  1.4
Axes           | 1 |  1.4
Maces & Flails | 1 |  1.4
Polearms       | 1 |  1.4
Staves         | 1 |  1.4
Slings         | 1 |  1.4
Bows           | 1 |  1.4
Crossbows      | 1 |  1.4
Throwing       | 1 |  1.4
Armour         | 1 |  1.4
Shields        | 1 |  1.4
Unarmed Combat | 1 |  1.4
Evocations     | 1 |  1.4
Hexes          | 1 |  1.1
Summonings     | 1 |  1.1
Necromancy     | 1 |  1.1
Translocations | 1 |  1.1
Transmutations | 1 |  1.1
Ice Magic      | 1 |  1.1
Air Magic      | 1 |  1.1
Earth Magic    | 1 |  1.1
Poison Magic   | 1 |  1.1
Dodging        | |  4.7
Stealth        | |  4.3
Fire Magic     | |  5.5

Action                   |  1- 3 |  4- 6 || total
-------------------------+-------+-------++-------
Melee: Short sword       |    25 |    18 ||    43
       Bite              |     1 |     1 ||     2
 Cast: Foxfire           |    58 |    53 ||   111
  Use: Scroll            |       |     4 ||     4
       Potion            |       |     1 ||     1
 Stab: Sleeping          |     4 |     1 ||     5
Armor: Robe              |     3 |     5 ||     8
Dodge: Dodged            |    37 |    22 ||    59

Table legend: (Time is in decaauts)
 A = Elapsed time spent in this place.
 B = Non-inter-level travel time spent in this place.
 C = Inter-level travel time spent in this place.
 D = Time resting spent in this place.
 E = Time spent auto-exploring this place.
 F = Levels seen in this place.
 G = Mean time per level.
                   A        B        C        D        E       F      G
               +--------+--------+--------+--------+--------+-----+--------+
         Total |   3211 |   3059 |    152 |    212 |   2400 |   3 | 1070.3 |
       Dungeon |   3211 |   3059 |    152 |    212 |   2400 |   3 | 1070.3 |
               +--------+--------+--------+--------+--------+-----+--------+

Top non-repeatable levels by time:
     D:2: 1618 daAuts
     D:1: 1576 daAuts
     D:3: 16 daAuts
